 Dungeon Crawl Stone Soup version 0.23-a0-305-g7ffd15e (webtiles) character file.

3542 galech the Shield-Bearer (level 9, -3/69 HPs)
             Began as a Demonspawn Fighter on Oct 9, 2018.
             Was an Initiate of Okawaru.
             Slain by a black bear (4 damage)
             ... on level 9 of the Dungeon.
             The game lasted 00:17:21 (14076 turns).

galech the Shield-Bearer (Demonspawn Fighter)      Turns: 14076, Time: 00:17:22

Health: -3/69      AC:  9    Str: 17      XL:     9   Next: 82%
Magic:  9/9        EV:  4    Int: 10      God:    Okawaru [......]
Gold:   154        SH: 14    Dex: 14 (15) Spells: 8/8 levels left

rFire    + . .     SeeInvis .   A - -3 hand axe (curse)
rCold    + . .     Gourm    .   c - +0 shield
rNeg     . . .     Faith    .   d - +2 scale mail {MR+}
rPois    .         Spirit   .   (no helmet)
rElec    .         Reflect  .   w - scarf {rC+ rF+}
rCorr    .         Harm     .   (no gloves)
MR       +....                  (no boots)
Stlth    ..........             (no amulet)
HPRegen  0.21/turn              g - ring of attention (curse)
MPRegen  0.11/turn              m - -3 ring of evasion (curse)

@: very slightly contaminated, heavily drained, invisible
A: large bone plates 1, powered by pain 1
a: Renounce Religion


You were on level 9 of the Dungeon.
You worshipped Okawaru.
Okawaru was noncommittal.
You were not hungry.

You visited 2 branches of the dungeon, and saw 10 of its levels.

You collected 330 gold pieces.
You spent 176 gold pieces at shops.

Inventory:

Hand Weapons
 a - a +0 war axe
 r - a +0 war axe of chopping
 A - a cursed -3 hand axe (weapon)
Armour
 c - a +0 shield (worn)
 d - a +2 scale mail of magic resistance (worn)
 i - a +0 chain mail
 o - a +0 plate armour
 w - a scarf of resistance (worn)
Jewellery
 g - a cursed ring of attention (left hand)
 m - a cursed -3 ring of evasion (right hand)
 B - a cursed ring of teleportation {unknown}
Wands
 h - a wand of scattershot (5)
 p - a wand of iceblast (7)
 v - a wand of acid (4)
Scrolls
 b - 3 scrolls of identify
 e - 5 scrolls of amnesia
 n - a scroll of magic mapping
 y - a scroll of fear
 C - 2 scrolls of fog
Potions
 j - a potion of flight {unknown}
 l - 2 potions of invisibility
 q - a potion of berserk rage {unknown}
 s - 2 potions of heal wounds {unknown}
 t - a potion of lignification
 u - a potion of cancellation {unknown}
 z - 2 potions of degeneration
Comestibles
 f - 16 rations
 k - 6 chunks of flesh


   Skills:
 + Level 5.8(3.6) Fighting
 + Level 7.5(5.2) Axes
 + Level 6.3(4.1) Armour
 + Level 2.4(0.4) Dodging
 + Level 0.9(0.0) Stealth
 + Level 7.6(5.3) Shields


You had 8 spell levels left.
You didn't know any spells.
Your spell library was empty.

Dungeon Overview and Level Annotations

Branches:
Dungeon (9/15)             Temple (1/1) D:7            Lair (0/6) D:8
    Orc: D:9-12

Altars:
Cheibriados
Dithmenos
Elyvilon
Fedhas
Gozag
Makhleb
Okawaru
Qazlal
Ru
Sif Muna
Trog
Uskayaw
Vehumet
Wu Jian
Xom
Yredelemnul
Zin
The Shining One

Shops:
D:5 [   D:7 =[(:


Innate Abilities, Weirdness & Mutations

You are partially covered in large bone plates. (SH +4)
You sometimes gain a little power by taking damage.


Message History

You catch the helpless black bear completely off-guard!
You hit the black bear but do no damage.
The black bear is severely wounded.
The black bear bites you.
* * * LOW HITPOINT WARNING * * *
The black bear claws you.
* * * LOW HITPOINT WARNING * * *
You block the black bear's attack. The black bear completely misses you.
You block the black bear's attack. The black bear claws you.
* * * LOW HITPOINT WARNING * * *
You hit the black bear.
The black bear is almost dead.
The black bear bites you.
* * * LOW HITPOINT WARNING * * *
The black bear claws you but does no damage.
You block the black bear's attack.
The black bear bites you but does no damage.
The black bear claws you but does no damage.
The black bear claws you.
You die...

## #.# ..
#.## #..##
###..####
##...@h..#
#.....[#.....
##.#...# ###
###...# #...#
##..# #..#
#..# #..#


You could see a black bear (berserk).

Vanquished Creatures
  A hippogriff (D:7)
  A shadow (D:6)
  Edmund (D:4)
  A black bear (D:6)
  2 ice beasts
  2 sky beasts
  3 orc warriors (D:5)
  3 ogres
  A big kobold (D:7)
  4 bullfrogs
  A wyvern skeleton (D:7)
  A scorpion (D:9)
  A water moccasin zombie (D:9)
  5 wights (D:7)
  A howler monkey (D:6)
  5 crimson imps
  4 hounds
  A jelly (D:4)
  A quasit (D:8)
  3 bullfrog skeletons
  3 orc priests
  10 orc wizards
  10 worker ants
  Ijyb (D:5)
  A hound zombie (D:7)
  A worker ant zombie (D:6)
  6 gnolls
  A howler monkey skeleton (D:4)
  10 adders
  A shadow imp (D:5)
  An ooze (D:4)
  An adder skeleton (D:6)
  4 worms
  A dart slug (D:2)
  7 leopard geckos
  26 orcs
  A ball python (D:6)
  4 giant cockroaches
  5 goblins
  6 hobgoblins
  6 jackals
  4 quokkas
  6 bats
  6 frilled lizards
  A jackal skeleton (D:4)
  7 kobolds
  A leopard gecko skeleton (D:5)
  3 rats
176 creatures vanquished.

Notes
Turn   | Place    | Note
-------+----------+-------------------------------------------
     0 | D:1      | galech the Demonspawn Fighter began the quest for the Orb.
     0 | D:1      | Reached XP level 1. HP: 18/18 MP: 1/1
   651 | D:2      | Gained mutation: You sometimes gain a little power by
                  | taking damage. [demonic ancestry]
   651 | D:2      | Reached XP level 2. HP: 18/24 MP: 2/2
   663 | D:2      | Reached XP level 3. HP: 7/29 MP: 3/3
  1303 | D:2      | Reached XP level 4. HP: 27/35 MP: 4/4
  1751 | D:2      | Found a sacrificial altar of Ru.
  2187 | D:3      | Found a blossoming altar of Fedhas.
  2228 | D:3      | Found a burning altar of Makhleb.
  2240 | D:3      | Gained mutation: You are partially covered in large bone
                  | plates. (SH +4) [demonic ancestry]
  2240 | D:3      | Reached XP level 5. HP: 39/41 MP: 5/5
  2529 | D:3      | Reached skill level 1 in Dodging
  2552 | D:3      | Found a bloodstained altar of Trog.
  3064 | D:4      | Reached XP level 6. HP: 9/47 MP: 6/6
  3644 | D:4      | Found a shimmering altar of Xom.
  3718 | D:4      | Noticed Edmund
  3733 | D:4      | Killed Edmund
  3793 | D:5      | Entered Level 5 of the Dungeon
  3826 | D:5      | Reached XP level 7. HP: 9/53 MP: 7/7
  5025 | D:5      | Noticed Ijyb
  5036 | D:5      | Killed Ijyb
  5198 | D:5      | Reached skill level 5 in Axes
  5216 | D:5      | Found Soxyfel's Antique Armour Shop.
  5222 | D:5      | Bought a glowing scarf for 176 gold pieces
  5827 | D:6      | Reached skill level 5 in Shields
  5827 | D:6      | Reached XP level 8. HP: 53/60 MP: 8/8
  7413 | D:5      | Reached skill level 5 in Armour
  8471 | D:6      | Reached XP level 9. HP: 21/67 MP: 9/9
  8806 | D:6      | HP: 1/67 [shadow (4)]
  8808 | D:6      | Reached skill level 5 in Fighting
  9361 | D:6      | Found a shadowy altar of Dithmenos.
  9480 | D:6      | HP: 1/68 [sky beast (6)]
 10037 | D:7      | Found a staircase to the Ecumenical Temple.
 10041 | D:7      | Found Ysucsac's Jewellery Shop.
 10043 | Temple   | Entered the Ecumenical Temple
 10099 | Temple   | Became a worshipper of Warmaster Okawaru
 10462 | D:7      | Found Zaqyim's Book Shoppe.
 10849 | D:8      | Noticed a death yak
 10849 | D:8      | Noticed a death yak
 10928 | D:7      | HP: 3/68 [wight/enchanted morningstar (7)]
 10928 | D:7      | HP: 1/68 [wight/enchanted morningstar (2)]
 12303 | D:7      | Found Zulef's Antique Armour Shoppe.
 12340 | D:7      | Found Deagoryur's Antique Weapon Shoppe.
 13087 | D:8      | Noticed a two-headed ogre
 13163 | D:8      | Found a staircase to the Lair.
 13165 | D:8      | Noticed a death yak
 13230 | D:8      | Noticed a death yak
 13230 | D:8      | Noticed a death yak
 13230 | D:8      | Noticed a death yak
 13230 | D:8      | Noticed a death yak
 14000 | D:9      | Found a basalt altar of Yredelemnul.
 14075 | D:9      | HP: 2/69 [black bear (2)]
 14076 | D:9      | Slain by a black bear

Vault maps used:
D:1:      elethiomel_arrival_infinity_welcomes_careful_drivers
D:2:      nicolae_ru_the_path_less_chosen
D:3:      lemuel_doored_altar, fedhas_altar_4, first_ration,
          makhleb_blood_cavern_becter
D:4:      kennysheep_mini_moat, uniq_edmund
D:5:      serial_shops, nicolae_shop_stone, minmay_misc_feat_x,
          minmay_misc_feat_roman, corexii_leaking_fountain, dk_vineyard_3,
          uniq_ijyb
D:6:      kennysheep_mini
D:7:      minmay_temple_entry_trees, serial_shops, nicolae_shop_stone,
          nicolae_shop_stone, shop, nicolae_shop_stone
D:8:      lemuel_mausoleum_altar_kikubaaqudgha, dpeg_lair_monsters,
          hangedman_little_slice_of_home
D:9:      kennysheep_little_box, gammafunk_ghost_spectres, lemuel_tele_altar
Temple:   regret_index_temple_waves

Skill      XL: |  1  2  3  4  5  6  7  8  9 |
---------------+----------------------------+-----
Axes           | 2 3 4 5 6 7 |  7.5
Armour         | 3 4 5 6 |  6.3
Shields        | 3 4 5 6 7 |  7.6
Dodging        | 1 2 |  2.4
Fighting       | 4 5 |  5.8
Stealth        | |  0.9

Action                   |  1- 3 |  4- 6 |  7- 9 || total
-------------------------+-------+-------+-------++-------
Melee: War axe           |    89 |   260 |   234 ||   583
       Hand axe          |       |       |  1544 ||  1544
  Use: Scroll            |     1 |     4 |     3 ||     8
       Potion            |     1 |       |    11 ||    12
 Stab: Invisible         |       |       |     1 ||     1
  Eat: Chunk             |     1 |     9 |    23 ||    33
       Ration            |       |       |     4 ||     4
Armor: Scale mail        |    14 |       |   250 ||   264
       Chain mail        |    27 |    68 |       ||    95
       Skin              |     5 |       |       ||     5
       Plate armour      |       |   120 |   605 ||   725
Dodge: Dodged            |    28 |    15 |   121 ||   164
Block: Shield            |    55 |   176 |  1124 ||  1355

Table legend:
 A = Non-vault XP
 B = Vault XP
 C = Vault XP percentage of total XP
 D = Non-vault monster count
 E = Vault monster count
 F = Vault count percentage of total count
                 A         B        C        D         E       F
            +---------+---------+-------+---------+---------+-------
      Total |    4821 |     240 |   4.7 |     173 |       3 |   1.7
            +---------+---------+-------+---------+---------+-------
        D:1 |       9 |       0 |   0.0 |       5 |       0 |   0.0
        D:2 |     138 |       0 |   0.0 |      25 |       0 |   0.0
        D:3 |     108 |      43 |  28.5 |      23 |       1 |   4.2
        D:4 |     234 |     162 |  40.9 |      14 |       1 |   6.7
        D:5 |    1449 |      35 |   2.4 |      34 |       1 |   2.9
        D:6 |    1085 |       0 |   0.0 |      29 |       0 |   0.0
        D:7 |    1217 |       0 |   0.0 |      27 |       0 |   0.0
        D:8 |     179 |       0 |   0.0 |       8 |       0 |   0.0
        D:9 |     402 |       0 |   0.0 |       8 |       0 |   0.0
            +---------+---------+-------+---------+---------+-------
